 Seeded DCSS version 0.31-a0-75-g6fe912e8c5 (webtiles) character file.

Game seed: 12735965570273765983 (custom seed)

891 Pimp the Shooter (level 7, -3/42 HPs)
             Began as a Deep Elf Hunter on May 23, 2023.
             Was an Initiate of Sif Muna.
             Slain by a troll (8 damage)
             ... on level 5 of the Dungeon.
             The game lasted 00:06:34 (3847 turns).

Pimp the Shooter (Deep Elf Hunter)                  Turns: 3847, Time: 00:06:35

Health: -3/42      AC:  6    Str:  8    XL:     7   Next: 77%
Magic:  9/9        EV: 20    Int: 20    God:    Sif Muna [......]
Gold:   185        SH:  0    Dex: 20    Spells: 6/6 levels left

rFire   + . .        a - +0 shortbow
rCold   . . .        (shield currently unavailable)
rNeg    . . .        c - +0 leather armour
rPois   .            (no helmet)
rElec   .            (no cloak)
rCorr   .            h - +0 pair of gloves
SInv    .            (no boots)
Will    .....        (no amulet)
Stlth   +++          f - ring "Vuketo" {Fire Fly Int+6}
HPRegen 0.27/turn    l - +5 ring of evasion
MPRegen 0.11/turn

%: no passive effects
@: flying
A: iridescent scales 1, cold resistance 1
a: Renounce Religion


You were on level 5 of the Dungeon.
You worshipped Sif Muna.
Sif Muna was noncommittal.
You visited 2 branches of the dungeon, and saw 6 of its levels.
You also visited: Ossuary.

You collected 185 gold pieces.

Inventory:

Hand Weapons
 a - a +0 shortbow (weapon)
Armour
 c - a +0 leather armour (worn)
 h - a +0 pair of gloves (worn)
Magical Staves
 d - the staff of earth "Saiwn" {Contam Int+4 SInv Stlth+}
   (You acquired it on level 1 of the Dungeon)

   [staff of earth]

   Base accuracy: +5 Base damage: 5 Base attack delay: 1.2 This weapon's minimum
   attack delay (0.6) is reached at skill level 12.
   Int:       It affects your intelligence (+4).
   SInv:      It lets you see invisible.
   Contam:    It causes magical contamination when unequipped.
   Stlth:     It makes you more stealthy.
   It falls into the 'Staves' category.
   It is a one-handed weapon.
Jewellery
 e - an amulet of the acrobat
 f - the ring "Vuketo" (left hand) {Fire Fly Int+6}
   (You acquired it on level 1 of the Dungeon)

   [ring of fire]

   It enhances your fire magic.
   Int:       It affects your intelligence (+6).
   rF:        It protects you from fire.
   rC:        It makes you vulnerable to cold.
   Fly:       It grants you flight.
 l - a +5 ring of evasion (right hand)
 n - a ring of magical power
 D - a +4 ring of slaying
Wands
 A - a wand of light (9)
 B - a wand of paralysis (11)
Scrolls
 b - 5 scrolls of immolation
 o - a scroll of amnesia {unknown}
 q - a scroll of fog
 r - 2 scrolls of blinking {unknown}
 u - a scroll of torment {unknown}
 v - a scroll of fear {unknown}
 y - a scroll of enchant weapon {unknown}
 E - a scroll of enchant armour {unknown}
 F - a scroll of teleportation {unknown}
Potions
 g - 4 potions of mutation
 i - 2 potions of berserk rage {unknown}
 j - a potion of attraction {unknown}
 k - a potion of curing
 m - 2 potions of brilliance
 p - a potion of ambrosia {unknown}
 s - a potion of haste {unknown}
 t - 2 potions of resistance
 w - a potion of might {unknown}
 x - a potion of enlightenment {unknown}
 z - 2 potions of heal wounds {unknown}
 C - a potion of cancellation {unknown}


   Skills:
 + Level 3.9 Fighting
 + Level 7.9 Ranged Weapons
 + Level 5.8 Dodging
 + Level 5.7 Stealth


You had 6 spell levels left.
You didn't know any spells.
Your spell library was empty.

Dungeon Overview and Level Annotations

Branches:
Dungeon (5/15)             Temple (1/1) D:5         Ossuary (visited)

Altars:
Ashenzari
Dithmenos
Fedhas
Gozag
Hepliaklqana
Okawaru
Qazlal
Ru
Sif Muna
Uskayaw
Vehumet
Wu Jian
Yredelemnul

Shops:
D:3 ?   D:4 =


Innate Abilities, Weirdness & Mutations

You are partially covered in iridescent scales. (AC +2)
Your flesh is cold resistant. (rC+)


Message History

As you read the scroll labelled NEWATR SOHEGGE, it crumbles to dust.
The scroll dissolves into smoke.
It was a scroll of fog.
The troll barely misses you. The troll completely misses you.
The troll claws you!
You shoot an arrow. The arrow hits the troll.
The troll is lightly wounded.
The troll bites you. The troll claws you!
* * * LOW HITPOINT WARNING * * *
The troll completely misses you.
You shoot an arrow. The arrow hits the troll!
The troll is moderately wounded.
The troll completely misses you. x2; The troll closely misses you.
You shoot an arrow. The arrow hits the troll.
The troll is moderately wounded.
The troll barely misses you. The troll misses you.
The troll closely misses you.
You shoot an arrow.
The arrow hits the troll but does no damage.
The troll is moderately wounded.
The troll completely misses you. The troll closely misses you.
The troll barely misses you.
You shoot an arrow. The arrow completely misses the troll.
The arrow hits the iguana but does no damage.
The iguana is moderately wounded.
The troll closely misses you. The troll barely misses you.
The troll closely misses you.
You shoot an arrow. The arrow hits the troll.
The troll is moderately wounded.
The troll bites you.
* * * LOW HITPOINT WARNING * * *
The troll closely misses you. The troll completely misses you.
You shoot an arrow. The arrow closely misses the troll.
The arrow hits the iguana.
The iguana is severely wounded.
The troll closely misses you. The troll claws you but does no damage.
The troll completely misses you.
You feel better. The troll misses you. The troll claws you!
* * * LOW HITPOINT WARNING * * *
The troll claws you!
You die...

#############
............################
..............§§@Tl.c.........
..###.#####.########S..####..
. ..≈≈#.# #.# #[S.# ##.#.
..≈≈#.#####.# #...# #...
≈...#.......# ##..S###.###
....#.####### #..........##
..≈...# #..(......#.# ..≈.####
#...........# .≈.....##
####........#..#


You could see a troll and an iguana.

Vanquished Creatures
  An ice beast (D:5)
  A phantom (D:5)
  An elf zombie (D:4)
  A scorpion (D:5)
  A centaur zombie (D:4)
  4 hounds
  A jelly (D:4)
  A sleepcap (D:5)
  A human zombie (D:4)
  Jessica (D:2)
  A human skeleton (D:4)
  3 iguanas
  An orc wizard (D:3)
  4 mummies (Ossuary)
  3 adders
  A shadow imp (D:5)
  An ufetubus (D:4)
  An adder zombie (D:4)
  4 worms (D:2)
  4 dart slugs
  4 orcs
  8 ball pythons
  7 endoplasms
  A giant cockroach (D:3)
  2 gnoll zombies (Ossuary)
  5 goblins
  10 hobgoblins
  7 jackals
  4 quokkas
  4 bats
  3 frilled lizards
  2 hobgoblin zombies (Ossuary)
  6 kobolds
  3 kobold zombies (Ossuary)
  3 orc skeletons (D:4)
  An orc zombie (Ossuary)
  4 rats
110 creatures vanquished.

Notes
Turn   | Place    | Note
-------+----------+-------------------------------------------
     0 | D:1      | Pimp the Deep Elf Hunter began the quest for the Orb.
     0 | D:1      | Reached XP level 1. HP: 12/12 MP: 3/3
    29 | D:1      | Identified 2 scrolls of acquirement
    29 | D:1      | Acquired the ring "Vuketo" {Fire Fly Int+6}
    30 | D:1      | Acquired the staff of earth "Saiwn" {Contam Int+4 SInv
                  | Stlth+}
    65 | D:1      | Reached XP level 2. HP: 2/17 MP: 4/4
   634 | D:1      | Reached XP level 3. HP: 21/21 MP: 5/5
   805 | D:2      | Noticed Jessica
   813 | D:2      | Killed Jessica
   872 | D:2      | Reached XP level 4. HP: 26/26 MP: 6/6
   888 | D:2      | Reached skill level 6 in Ranged Weapons
  1021 | D:2      | Found an opulent altar of Gozag.
  1257 | D:3      | Gained mutation: You have hidden genetic defects. [potion
                  | of mutation]
  1257 | D:3      | Gained mutation: You are dopey. (Int -2) [potion of
                  | mutation]
  1258 | D:3      | Lost mutation: You have hidden genetic defects. [potion of
                  | mutation]
  1258 | D:3      | Lost mutation: You are dopey. (Int -2) [potion of mutation]
  1258 | D:3      | Gained mutation: You are partially covered in iridescent
                  | scales. (AC +2) [potion of mutation]
  1258 | D:3      | Gained mutation: Your flesh is cold resistant. (rC+)
                  | [potion of mutation]
  1344 | D:3      | Reached XP level 5. HP: 8/31 MP: 7/7
  1450 | D:3      | Found Liryusam's Magic Scroll Emporium.
  1752 | D:4      | Found a sand-covered staircase.
  1758 | Ossuary  | Entered an ossuary
  2096 | Ossuary  | Reached XP level 6. HP: 36/36 MP: 8/8
  2198 | D:4      | Found a shadowy altar of Dithmenos.
  2264 | D:4      | Found a hazy altar of Hepliaklqana.
  2264 | D:4      | Found a blossoming altar of Fedhas.
  2343 | D:4      | Found a radiant altar of Vehumet.
  2455 | D:4      | Found a basalt altar of Yredelemnul.
  2521 | D:4      | Found Elafyh's Jewellery Emporium.
  2587 | D:4      | Reached skill level 7 in Ranged Weapons
  2847 | D:4      | Reached skill level 5 in Dodging
  2847 | D:4      | Reached XP level 7. HP: 18/41 MP: 9/9
  3203 | D:5      | Entered Level 5 of the Dungeon
  3255 | D:5      | Reached skill level 5 in Stealth
  3443 | D:5      | Found an ornate altar of the Wu Jian Council.
  3483 | D:5      | Found a staircase to the Ecumenical Temple.
  3508 | Temple   | Entered the Ecumenical Temple
  3533 | Temple   | Became a worshipper of Sif Muna the Loreminder
  3769 | D:5      | Found a hide-covered altar of Uskayaw.
  3819 | D:5      | Noticed a troll
  3847 | D:5      | Slain by a troll

Illustrated notes

Levels and vault maps discovered:
D:1:      dpeg_arrival_long_road, layout_loops_cross, hex_tiny
D:2:      layout_rooms, basic_altar, uniq_jessica
D:3:      layout_rooms, serial_shops, shop, st_stairs_8, grunt_ministairs_10
D:4:      layout_basic, vehumet_crystals, lemuel_zombie_altar_yredelemnul,
          nicolae_dithmenos_shadow_blocks, nicolae_overflow_two_pavilions,
          serial_shops, kennysheep_mini, nicolae_ossuary_entry_catacombs
D:5:      layout_basic, nicolae_uskayaw_suspiria, mainiacjoe_overflow_boulevard,
          minmay_temple_entry_slanted, minmay_manual_monstrance
Temple:   jpeg_temple_clearing

Skill      XL: |  1  2  3  4  5  6  7 |
---------------+----------------------+-----
Stealth        | 2 3 4 5 |  5.7
Dodging        | 3 4 5 |  5.8
Fighting       | 2 3 |  3.9
Ranged Weapons | 6 7 |  7.9

Action                     |  1- 3 |  4- 6 |  7- 9 || total
---------------------------+-------+-------+-------++-------
  Melee: Shortbow          |       |     3 |       ||     3
   Fire: Shortbow          |    78 |   250 |   104 ||   432
    Use: Scroll            |     2 |     3 |     1 ||     6
         Potion            |       |     3 |     1 ||     4
 Armour: Leather armour    |    14 |    30 |     9 ||    53
  Dodge: Dodged            |    34 |    94 |    97 ||   225

Table legend: (Time is in decaauts)
 A = Elapsed time spent in this place.
 B = Non-inter-level travel time spent in this place.
 C = Inter-level travel time spent in this place.
 D = Time resting spent in this place.
 E = Time spent auto-exploring this place.
 F = Levels seen in this place.
 G = Mean time per level.
                   A        B        C        D        E       F      G
               +--------+--------+--------+--------+--------+-----+--------+
         Total |   3902 |   3813 |     89 |    349 |   2591 |   7 |  557.4 |
       Dungeon |   3453 |   3373 |     80 |    145 |   2490 |   5 |  690.6 |
        Temple |     35 |     26 |      9 |      0 |      3 |   1 |   35.0 |
       Ossuary |    412 |    412 |      0 |    204 |     98 |   1 |  412.0 |
               +--------+--------+--------+--------+--------+-----+--------+

Top non-repeatable levels by time:
     D:4: 1131 daAuts
     D:1: 717 daAuts
     D:5: 616 daAuts
     D:3: 526 daAuts
     D:2: 461 daAuts
 Ossuary: 412 daAuts
  Temple: 35 daAuts
